 Dungeon Crawl Stone Soup version 0.21.1-1-g345015fe64 (webtiles) character file.

2574 Htamos the Destroyer (level 9, -5/57 HPs)
             Began as a Demonspawn Wizard on July 15, 2018.
             Was a Follower of Yredelemnul.
             Slain by an orc warrior
             ... wielding a +0 flail
              (9 damage)
             ... on level 8 of the Dungeon.
             The game lasted 00:20:06 (10416 turns).

Htamos the Destroyer (Demonspawn Wizard)           Turns: 10416, Time: 00:20:06

Health: -5/57      AC: 13    Str: 10    XL:     9   Next: 32%
Magic:  14/14      EV:  7    Int: 23    God:    Yredelemnul [*.....]
Gold:   441        SH:  7    Dex: 16    Spells: 14/15 levels left

rFire    + . .     SeeInvis +   L - +7 whip of Aselaen {drain, rElec Dex+4}
rCold    x . .     Gourm    .   x - +0 shield
rNeg     . . .     Faith    .   I - +1 ring mail of the Orb Guardian {*Slow +Blink Str+3 SInv}
rPois    .         Spirit   .   P - +0 helmet
rElec    +         Reflect  .   Q - +0 cloak
rCorr    .         Harm     .   (no gloves)
MR       .....                  B - +0 pair of boots
Stlth    +.........             (no amulet)
HPRegen  0.19/turn              G - ring of fire
MPRegen  0.14/turn              u - ring of flight

@: very slightly contaminated, invisible
A: hooves 2, iridescent scales 2, spiny 1
a: Animate Remains, Renounce Religion, Evoke Blink, Evoke Flight


You were on level 8 of the Dungeon.
You worshipped Yredelemnul.
Yredelemnul was aware of your devotion.
You were not hungry.

You visited 2 branches of the dungeon, and saw 9 of its levels.

You collected 441 gold pieces.

Inventory:

Hand Weapons
 h - a +0 dagger
 L - the +7 whip of Aselaen (weapon) {drain, rElec Dex+4}
   (You found it on level 7 of the Dungeon)

   A truly terrible weapon, it drains the life of those it strikes.
   It affects your dexterity (+4).
   It insulates you from electricity.
Armour
 x - a +0 shield (worn)
 B - a +0 pair of boots (worn)
 I - the +1 ring mail of the Orb Guardian (worn) {*Slow +Blink Str+3 SInv}
   (You found it on level 5 of the Dungeon)

   It affects your strength (+3).
   It lets you see invisible.
   It lets you blink.
   It may slow you when you take damage.
 P - a +0 helmet (worn)
 Q - a +0 cloak (worn)
Jewellery
 k - an uncursed ring of protection from cold
 u - a ring of flight (right hand)
 G - a ring of fire (left hand)
 K - an uncursed ring of magical power {unknown}
Wands
 f - a wand of polymorph (9)
Scrolls
 j - 2 scrolls of blinking {unknown}
 l - a scroll of noise
 o - 3 scrolls of remove curse
 r - 5 scrolls of teleportation
 s - a scroll of enchant weapon {unknown}
 v - a scroll of fear {unknown}
 A - a scroll of fog {unknown}
 C - 3 scrolls of enchant armour {unknown}
 D - 3 scrolls of identify
 E - a scroll of immolation {unknown}
 H - 2 scrolls of amnesia {unknown}
Potions
 e - 2 potions of curing
 g - a potion of cancellation
 i - 2 potions of magic
 m - a potion of flight
 n - a potion of berserk rage
 q - a potion of haste {unknown}
 t - 3 potions of invisibility
 z - a potion of lignification {unknown}
 F - a potion of resistance {unknown}
 J - 2 potions of brilliance {unknown}
 N - a potion of might {unknown}
 O - a potion of heal wounds {unknown}
Books
 c - a book of Minor Magic

   Spells                             Type                      Level
   a - Magic Dart                     Conjuration                  1
   b - Blink                          Translocation                2
   c - Call Imp                       Summoning                    2
   d - Slow                           Hexes                        2
   e - Conjure Flame                  Conjuration/Fire             3
   f - Mephitic Cloud                 Conjuration/Poison/Air       3
 w - a book of Cantrips

   Spells                             Type                      Level
   a - Confusing Touch                Hexes                        1
   b - Animate Skeleton               Necromancy                   1
   c - Summon Small Mammal            Summoning                    1
   d - Apportation                    Translocation                1
Comestibles
 a - 6 chunks of flesh
 d - 13 rations


   Skills:
 - Level 1.7 Dodging
 - Level 1.7 Stealth
 - Level 3.9 Spellcasting
 + Level 12.1 Conjurations
   Level 1.0 Summonings
   Level 0.8 Translocations


You had 14 spell levels left.
You knew the following spells:

 Your Spells              Type           Power        Failure   Level  Hunger
a - Magic Dart            Conj           ####         1%          1    None


Dungeon Overview and Level Annotations

Branches:
Dungeon (8/15)             Temple (1/1) D:7            Lair (0/6) D:8

Altars:
Ashenzari
Cheibriados
Dithmenos
Fedhas
Gozag
Hepliaklqana
Makhleb
Nemelex Xobeh
Qazlal
Ru
Sif Muna
Trog
Uskayaw
Vehumet
Xom
Yredelemnul
Zin
The Shining One

Annotations:
D:3 hal2100's ghost, amateur DsGl


Innate Abilities, Weirdness & Mutations

You have hoof-like feet.
You are mostly covered in iridescent scales. (AC +4)
You are partially covered in sharp spines.


Message History

The orc warrior hits you with a flail!
* * * LOW HITPOINT WARNING * * *
You are too injured to fight recklessly!
You are too injured to fight recklessly!
You are too injured to fight recklessly!
You whack the orc warrior! You drain the orc warrior!
The orc warrior is almost dead.
The orc priest invokes the aid of Beogh against you.
Beogh smites you!
* * * LOW HITPOINT WARNING * * *
The orc warrior hits you with a flail!
* * * LOW HITPOINT WARNING * * *
The orc priest looks braver for a moment.
You fade into invisibility!
You block the orc warrior's attack. The orc warrior closely misses you.
You are very lightly contaminated with residual magic.
You feel yourself speed up. The orc warrior hits you with a flail!
You die...
Your body rises from the dead as a mindless zombie.

#... ####### #...# ......#
#...# #####.# #...#
......## #...# .......#
#...# .
.....#.####...########oo..
..........+...'.@oFo.ooo..
.....#.####...########o...
...).'.......)..# .
.....##.#####.#.#
.....##)<.)...#.#
.....##[#####.#.#
.....##).# ##.#.#
.....###.# #....# ######
#(###..###


You could see an orc warrior, a bullfrog, 2 orc priests, 2 orc wizards and 3
orcs.

Vanquished Creatures
  A yak (D:7)
  A human (D:7)
  A hungry ghost (D:8)
  2 hogs (D:7)
  An orc warrior (D:7)
  2 sky beasts
  An ice beast (D:7)
  A black bear (D:7)
  An ogre (D:4)
  2 centaurs (D:8)
  3 bullfrogs
  3 bullfrog zombies
  A crimson imp (D:8)
  A centaur zombie (D:8)
  3 hounds (D:5)
  2 jellies
  3 orc wizards
  2 quasits (D:5)
  A centaur skeleton (D:4)
  3 orc priests (D:8)
  3 worker ants (D:4)
  Ijyb (D:3)
  A worker ant zombie (D:8)
  9 gnolls
  7 adders
  A howler monkey skeleton (D:7)
  A shadow imp (D:5)
  2 oozes
  3 adder skeletons
  2 worms
  2 dart slugs
  3 leopard geckos
  19 orcs
  5 giant cockroaches
  9 goblins
  11 hobgoblins
  9 jackals
  13 kobolds
  A ball python (D:1)
  10 bats
  7 frilled lizards
  A leopard gecko skeleton (D:4)
  A quokka skeleton (D:6)
  7 rats
163 creatures vanquished.

Notes
Turn   | Place    | Note
-------+----------+-------------------------------------------
     0 | D:1      | Htamos the Demonspawn Wizard began the quest for the Orb.
     0 | D:1      | Reached XP level 1. HP: 13/13 MP: 4/4
   252 | D:1      | Gained mutation: You are partially covered in iridescent scales. (AC +2) [demonic ancestry]
   252 | D:1      | Reached XP level 2. HP: 2/19 MP: 0/6
   841 | D:1      | Reached skill level 2 in Conjurations
   904 | D:1      | Gained mutation: You have large cloven feet. [demonic ancestry]
   904 | D:1      | Reached XP level 3. HP: 24/24 MP: 0/8
  2060 | D:2      | Gained mutation: You are partially covered in sharp spines. [demonic ancestry]
  2060 | D:2      | Reached XP level 4. HP: 30/30 MP: 7/9
  2280 | D:3      | Reached skill level 3 in Conjurations
  2673 | D:3      | Noticed hal2100's ghost (amateur DsGl)
  3076 | D:3      | Noticed Ijyb
  3115 | D:3      | Killed Ijyb
  3355 | D:3      | Reached skill level 4 in Conjurations
  3355 | D:3      | Reached XP level 5. HP: 22/35 MP: 0/10
  3993 | D:4      | Reached skill level 5 in Conjurations
  4163 | D:4      | Noticed an ogre
  4170 | D:4      | Killed an ogre
  4170 | D:4      | Reached XP level 6. HP: 31/41 MP: 3/11
  4454 | D:4      | Reached skill level 6 in Conjurations
  4975 | D:4      | Found an opulent altar of Gozag.
  5208 | D:5      | Entered Level 5 of the Dungeon
  5407 | D:5      | Gained mutation: You have hoof-like feet. [demonic ancestry]
  5407 | D:5      | Reached XP level 7. HP: 37/46 MP: 2/12
  5648 | D:5      | Found a shimmering altar of Xom.
  5861 | D:5      | Reached skill level 7 in Conjurations
  6094 | D:5      | Got a shimmering ring mail
  6105 | D:5      | Identified the +1 ring mail of the Orb Guardian {*Slow +Blink Str+3 SInv} (You found it on level 5 of the Dungeon)
  6660 | D:6      | Found a sparkling altar of Nemelex Xobeh.
  6824 | D:6      | Reached skill level 8 in Conjurations
  6899 | D:6      | Found a glowing golden altar of the Shining One.
  7816 | D:7      | Got an iridescent whip
  7818 | D:7      | Identified the +7 whip of Aselaen {drain, rElec Dex+4} (You found it on level 7 of the Dungeon)
  8048 | D:7      | Gained mutation: You are mostly covered in iridescent scales. (AC +4) [demonic ancestry]
  8048 | D:7      | Reached XP level 8. HP: 52/52 MP: 8/13
  8241 | D:7      | Reached skill level 9 in Conjurations
  8390 | D:7      | Found a staircase to the Ecumenical Temple.
  8692 | D:7      | Reached skill level 10 in Conjurations
  8698 | D:7      | HP: 2/52 [hog (9)]
  9426 | Temple   | Entered the Ecumenical Temple
  9494 | Temple   | Became a worshipper of Yredelemnul the Dark
  9647 | D:7      | Reached skill level 11 in Conjurations
  9753 | D:8      | Reached XP level 9. HP: 27/57 MP: 12/14
 10201 | D:8      | Found a snail-covered altar of Cheibriados.
 10246 | D:8      | Found a staircase to the Lair.
 10290 | D:8      | Reached * piety under Yredelemnul
 10290 | D:8      | Reached skill level 12 in Conjurations
 10416 | D:8      | Slain by an orc warrior

Skill      XL: |  1  2  3  4  5  6  7  8  9 |
---------------+----------------------------+-----
Conjurations   | 2 4 5 6 8 11 12 | 12.1
Dodging        | |  1.7
Stealth        | |  1.7
Spellcasting   | |  3.9
Summonings     | |  1.0
Translocations | |  0.8

Action                   |  1- 3 |  4- 6 |  7- 9 || total
-------------------------+-------+-------+-------++-------
Melee: Dagger            |    41 |    10 |     1 ||    52
       Unarmed           |     3 |    15 |       ||    18
       Kick              |     3 |     1 |       ||     4
       Whip              |       |       |    91 ||    91
 Cast: Magic Dart        |   119 |   167 |   161 ||   447
Evoke: Wand              |       |     4 |       ||     4
  Use: Scroll            |     1 |     6 |     6 ||    13
       Potion            |       |       |     3 ||     3
 Stab: Confused          |       |     5 |       ||     5
  Eat: Chunk             |     3 |    10 |    14 ||    27
       Ration            |       |       |     1 ||     1
Armor: Robe              |    17 |       |       ||    17
       Ring mail         |       |    28 |    47 ||    75
Dodge: Dodged            |    35 |    42 |    39 ||   116
Block: Shield            |       |    12 |    50 ||    62
